[Event "Mentese ELO February 2022"]
[Site "Mentese"]
[Date "2022.02.20"]
[Round "5.3"]
[White "Kamisli, Yigit"]
[Black "Inci, Okan"]
[Result "0-1"]
[ECO "D40"]
[WhiteElo "1427"]
[BlackElo "1703"]
[Annotator "NA RC"]
[PlyCount "81"]
[EventDate "2022.02.19"]
[EventCountry "TUR"]
[SourceTitle "playchess.com"]
[Source "ChessBase"]
[SourceQuality "1"]
[TimeControl "3600+30"]

1. d4 Nf6 2. Nf3 e6 3. c4 d5 4. e3 a6 5. a4 c5 6. Nc3 Nc6 7. Be2 cxd4 8. exd4 Be7 9. O-O O-O 10. Be3 dxc4 11. Bxc4 Nb4 12. Rc1 b6 13. Qe2 Bb7 14. Ne5 Nfd5 15. Rfe1 Bg5 16. Bxg5 Qxg5 17. Nxf7 Rxf7 18. Qxe6 Raf8 19. Ne4 Qg6 20. Qxg6 hxg6 21. Nd6 Rd7 22. Nxb7 Rxb7 23. Re6 Kh7 24. Rce1 Rf4 25. Rd1 Re7 26. Bxd5 Nxd5 27. Rxe7 Nxe7 28. f3 Nd5 29. Kf2 Rf7 30. g3 Rc7 31. Rd2 Kg8 32. f4 Kf7 33. Kf3 Rc4 34. a5 b5 35. h3 Nf6 36. g4 Ra4 37. g5 Nd5 38. Ke4 Ne7 39. Ke5 Nc6+ 40. Kd5 Nxa5 41. b3 0-1

[Event "Mentese ELO February 2022"]
[Site "Mentese"]
[Date "2022.02.20"]
[Round "5.4"]
[White "Koseoglu, Osman Ogul"]
[Black "Koc, Zeki"]
[Result "1/2-1/2"]
[ECO "A40"]
[WhiteElo "1713"]
[BlackElo "1394"]
[Annotator "NA"]
[PlyCount "107"]
[EventDate "2022.02.19"]
[EventCountry "TUR"]
[SourceTitle "playchess.com"]
[Source "ChessBase"]
[SourceQuality "1"]
[TimeControl "3600+30"]

1. d4 g6 2. Nf3 Bg7 3. g3 c5 4. Bg2 Qb6 5. dxc5 Qxc5 6. O-O Nc6 7. c3 Nf6 8. Na3 O-O 9. Be3 Qa5 10. Nc4 Qd8 11. Nd4 d5 12. Nxc6 bxc6 13. Ne5 Qc7 14. Bf4 Qb6 15. Qb3 Bb7 16. g4 Rfd8 17. h4 e6 18. Rad1 Nd7 19. Nd3 e5 20. Bg5 f6 21. Be3 Qc7 22. Nc5 Nxc5 23. Bxc5 Ba6 24. Rfe1 Bc4 25. Qa3 Qc8 26. b3 Ba6 27. e4 Bb7 28. Qb4 a5 29. Qa4 Qxg4 30. exd5 Qxa4 31. bxa4 cxd5 32. c4 e4 33. cxd5 Rxd5 34. Rxd5 Bxd5 35. Bxe4 Bxe4 36. Rxe4 f5 37. Re7 Bf8 38. Rc7 Bxc5 39. Rxc5 Kg7 40. h5 Kh6 41. hxg6 hxg6 42. Kg2 Kg5 43. Kg3 Ra6 44. f4+ Kf6 45. Kh4 g5+ 46. fxg5+ Kg6 47. Rb5 Re6 48. Rxa5 Re4+ 49. Kg3 Kxg5 50. Kf3 Rb4 51. Ra8 Rf4+ 52. Kg3 Rg4+ 53. Kf3 Rf4+ 54. Kg3 1/2-1/2

[Event "Mentese ELO February 2022"]
[Site "Mentese"]
[Date "2022.02.20"]
[Round "6.1"]
[White "Turgut, Hakan"]
[Black "Hekimoglu, Mihriban"]
[Result "1-0"]
[ECO "C99"]
[WhiteElo "1805"]
[BlackElo "1479"]
[Annotator "NA"]
[PlyCount "97"]
[EventDate "2022.02.19"]
[EventCountry "TUR"]
[SourceTitle "playchess.com"]
[Source "ChessBase"]
[SourceQuality "1"]
[TimeControl "3600+30"]

1. e4 e5 2. Nf3 Nc6 3. Bb5 a6 4. Ba4 Nf6 5. O-O Be7 6. Re1 b5 7. Bb3 d6 8. c3 O-O 9. h3 Na5 10. Bc2 c5 11. d4 Qc7 12. Nbd2 Bd7 13. Nf1 Rfc8 14. Ne3 $1 cxd4 15. cxd4 Nc4 16. Nxc4 bxc4 17. Bd2 Bc6 18. Bc3 Nd7 19. Nd2 Bb7 20. Nf1 Bf6 21. Ne3 g6 22. Rf1 Bg5 23. Qe2 Nb6 24. g3 (24. Rad1 $142) 24... Bf6 25. d5 Qe7 26. a4 $16 (26. Ba5 $142 Qc7 27. Bxb6 Qxb6 28. Nxc4) 26... a5 27. Qe1 Rc5 28. Bd1 Bc8 29. Kh2 Bd7 30. Bc2 Qe8 31. Qd1 Qc8 32. h4 Rc7 33. f4 Qd8 34. f5 h5 35. Qf3 Kg7 36. Rf2 Bc8 37. Raf1 Nd7 38. Rg2 Qh8 39. Qe2 g5 40. Qe1 Rca7 41. Nxc4 Ba6 42. Nxd6 Bxf1 43. Qxf1 Qd8 44. Qd1 g4 45. Nb5 Rb7 46. d6 Qb6 47. Bb3 Nc5 48. Bd5 Rd7 49. Bxa8 1-0

[Event "Mentese ELO February 2022"]
[Site "Mentese"]
[Date "2022.02.20"]
[Round "6.2"]
[White "Inci, Okan"]
[Black "Taskin, Arda"]
[Result "0-1"]
[ECO "E07"]
[WhiteElo "1703"]
[BlackElo "1652"]
[Annotator "NA"]
[PlyCount "202"]
[EventDate "2022.02.19"]
[EventCountry "TUR"]
[SourceTitle "playchess.com"]
[Source "ChessBase"]
[SourceQuality "1"]
[TimeControl "3600+30"]

1. d4 d5 2. Nf3 Nf6 3. c4 e6 4. g3 Be7 5. Bg2 Nbd7 6. O-O O-O 7. cxd5 exd5 8. Nc3 c6 9. Bf4 Re8 10. Qc2 Nf8 11. Rad1 Bd6 12. Bxd6 Qxd6 13. Ne5 Ng4 14. e4 Nxe5 15. dxe5 Qxe5 16. exd5 cxd5 17. Rxd5 Qe7 18. Rd2 Be6 19. Nd5 Bxd5 20. Rxd5 Rad8 21. Qb3 b6 22. a4 Qc7 23. Rfd1 Ne6 24. h4 h6 25. Bf3 Rxd5 26. Rxd5 Rd8 27. Rxd8+ Qxd8 28. Bd5 Qd7 29. Bxe6 fxe6 30. Qc4 a5 31. Qf4 Qc6 32. Kh2 Qc5 33. Kg1 Qc6 34. b3 Kh7 35. Qe3 Kg8 36. Qf4 Kh7 37. Kh2 Qd5 38. Qe3 Qc6 39. Qd3+ Kg8 40. g4 Qc5 41. Qg3 e5 42. g5 hxg5 43. hxg5 Kf7 44. Kg2 Kg6 45. Kh3 Qd5 46. Kg4 Qe4+ 47. f4 Qf5+ 48. Kf3 exf4 49. Qxf4 Qxg5 50. Qc4 Qf5+ 51. Kg3 Qe5+ 52. Kg2 Kg5 53. Qc1+ Qf4 54. Qc3 Qf6 55. Qd2+ Kh5 56. Qd1+ Kh6 57. Qh1+ Kg6 58. Qb1+ Qf5 59. Qd1 Qg5+ 60. Kf2 Qf6+ 61. Kg2 Qc6+ 62. Kf2 Qc5+ 63. Kg2 Qg5+ 64. Kf2 Qf4+ 65. Kg2 Kh6 66. Qc2 Kg5 67. Qc3 Qf6 68. Qg3+ Kf5 69. Qd3+ Ke5 70. Qb5+ Ke4 71. Qe2+ Kd4 72. Qc4+ Ke3 73. Qc1+ Kd3 74. Qc4+ Kd2 75. Qd5+ Kc2 76. b4 axb4 77. Qe4+ Kb3 78. Qd5+ Ka3 79. a5 Qb2+ 80. Kf1 bxa5 81. Qxa5+ Kb3 82. Qd5+ Kc3 83. Qc5+ Kd2 84. Qg5+ Kc2 85. Qf5+ Kc1 86. Qf4+ Qd2 87. Qc4+ Kb2 88. Qg4 Qc3 89. Qe2+ Ka3 90. Qa6+ Kb3 91. Kf2 Kb2 92. Ke2 b3 93. Qa4 Kb1 94. Qg4 Qc2+ 95. Ke1 Kb2 96. Qa4 Kb1 97. Qg4 Qc3+ 98. Kd1 Kb2 99. Qe6 Qd3+ 100. Ke1 Kb1 101. Qf7 g5 0-1

[Event "Mentese ELO February 2022"]
[Site "Mentese"]
[Date "2022.02.20"]
[Round "6.3"]
[White "Demir, Mehmet Sait"]
[Black "Seker, Bilgesu"]
[Result "1/2-1/2"]
[ECO "B55"]
[WhiteElo "1682"]
[BlackElo "1681"]
[Annotator "NA"]
[PlyCount "132"]
[EventDate "2022.02.19"]
[EventCountry "TUR"]
[SourceTitle "playchess.com"]
[Source "ChessBase"]
[SourceQuality "1"]
[TimeControl "3600+30"]

1. e4 c5 2. Nf3 d6 3. d4 cxd4 4. Nxd4 Nf6 5. Bd3 g6 6. O-O Bg7 7. c3 O-O 8. Nd2 Nc6 9. N2f3 e5 10. Nxc6 bxc6 11. Qc2 Re8 12. Re1 Bg4 13. Qe2 d5 14. h3 Bd7 15. Bg5 h6 16. Bh4 Qc7 17. Bg3 Nh5 18. Bh2 Nf4 19. Bxf4 exf4 20. Qc2 Rab8 21. Rad1 Qa5 22. a3 Qb6 23. b4 a5 24. Qd2 axb4 25. axb4 Qc7 26. Qc2 Be6 27. Re2 Ra8 28. Rde1 dxe4 29. Rxe4 Ra3 30. Nd4 Bxd4 31. cxd4 Qd6 32. Bc4 Kh7 33. Qc1 Raa8 34. Bxe6 Rxe6 35. Rxe6 fxe6 36. Qc4 Re8 37. Re5 Re7 38. Rc5 e5 39. dxe5 Qd1+ 40. Kh2 Qd2 41. Rxc6 Qxf2 42. Qc3 Qe3 43. b5 Qxc3 44. Rxc3 Rb7 45. Rc5 Kg7 46. Kg1 Kf7 47. Kf2 Ke6 48. Kf3 Kf5 49. e6+ Kxe6 50. Kxf4 Rf7+ 51. Ke4 Rf2 52. Rc6+ Kf7 53. g4 Rh2 54. Rc4 Rb2 55. Rc5 Kf6 56. Rc6+ Kg5 57. b6 h5 58. gxh5 gxh5 59. Kd5 Kh4 60. Rc4+ Kxh3 61. Kc5 h4 62. Rb4 Rc2+ 63. Kd6 Rc8 64. b7 Rb8 65. Kc7 Rxb7+ 66. Kxb7 Kg2 1/2-1/2